Map: Ulrena

Players

goodCat

  • Race: Terran Terran

MorN - Winner!

  • Race: Terran Terran
  • League: Master

VOD

Have the link to the VOD?

Description

Time

  • Played on: Nov. 23, 2015, 7:37 p.m.
  • Length: 5:41
Show
View Real Time Build Order
Export as new Build Order

goodCat Terran 

Build Orders: Reaper Expand 

Get SALT Encoding   

  12  0:01  SCV  
  13  0:13  SCV  
  14  0:17  Supply Depot  
  14  0:25  SCV  
  15  0:39  SCV  
  15  0:41  Barracks  
  16  0:45  Refinery  
  16  0:51  SCV  
  17  1:03  SCV  
  18  1:15  SCV  
  18  1:16  Barracks  
  19  1:27  Supply Depot  
  19  1:29  Reaper  
  20  1:33  Orbital Command  
  20  2:05  Command Center  
  20  2:08  Barracks Reactor  
  20  2:11  Marine  
  20  2:12  Marine  
  22  2:16  SCV  
  23  2:28  SCV  
  24  2:31  Barracks Reactor  
  24  2:32  Barracks Tech Lab  
  24  2:40  SCV  
  24  2:42  Supply Depot  
  25  2:51  Factory  
  25  2:52  SCV  
  26  3:04  SCV  
  27  3:11  Marine x2  
  28  3:13  Marine  
  28  3:16  SCV  
  28  3:18  Refinery  
  28  3:19  Orbital Command  
  30  3:25  Stimpack  
  30  3:28  Marine  
  30  3:29  SCV  
  30  3:32  Marine  
  30  3:33  Marine  
  34  3:40  Factory Tech Lab, Orbital Command  
  34  3:41  SCV  
  35  3:50  Marine x2  
  35  3:54  SCV  
  35  3:55  Engineering Bay  
  38  3:59  Starport  
  38  4:06  SCV  
  36  4:18  SCV, Marine x2  
  36  4:19  Marine  
  35  4:30  Siege Tank  
  36  4:36  Marine x3  
  28  4:54  Marine x3  
  28  5:12  Marine x3  
Show
View Real Time Build Order
Export as new Build Order

MorN Terran - Winner!

Build Orders:  

Get SALT Encoding   

  12  0:00  SCV  
  13  0:12  SCV  
  14  0:17  Supply Depot  
  14  0:24  SCV  
  15  0:35  Refinery  
  15  0:41  Barracks  
  15  0:46  SCV  
  16  0:52  Refinery  
  16  0:58  SCV  
  17  1:10  SCV  
  18  1:23  SCV  
  19  1:30  Reaper  
  20  1:36  Factory  
  20  1:40  Orbital Command  
  20  1:57  Supply Depot  
  20  2:02  Reaper  
  21  2:08  SCV  
  21  2:29  Hellion  
  23  2:30  Starport  
  23  2:35  Reaper  
  24  2:37  SCV  
  25  2:48  Supply Depot  
  25  2:49  SCV  
  26  2:57  Hellion  
  27  3:01  SCV  
  28  3:07  Reaper  
  31  3:13  SCV, Medivac  
  31  3:19  Armory  
  32  3:22  Hellion  
  34  3:30  Supply Depot  
  34  3:33  SCV  
  35  3:45  SCV  
  35  3:48  Hellion  
  38  3:52  Viking  
  40  3:58  SCV  
  40  4:01  Supply Depot, Barracks Tech Lab  
  41  4:40  Banshee  
  42  5:08  Marine  
  42  5:10  Hellion  
  42  5:13  SCV  
  44  5:20  Command Center  
  44  5:21  Command Center  
  44  5:25  SCV  
  46  5:33  Factory Tech Lab  
Tags
 
League
Master
Matchup
TvT
Race
Terran
Replay Pack
MorN pack 2
Add a new tag
Caveats
  • Supply blocks, unpowered buildings, or Contaminate may cause inaccurate times.
  • Supply counts are checked every 10 seconds.